 Dungeon Crawl Stone Soup version 0.21.1-1-g345015f (webtiles) character file.

104 letownia2 the Gusty (level 4, 0/24 HPs)
             Began as a Tengu Air Elementalist on Mar 3, 2018.
             Slain by an orc
             ... wielding a +0 mace
              (5 damage)
             ... on level 3 of the Dungeon.
             The game lasted 00:06:02 (689 turns).

letownia2 the Gusty (Tengu Air Elementalist)         Turns: 689, Time: 00:06:02

Health: 0/24       AC:  2    Str:  9    XL:     4   Next: 80%
Magic:  3/9        EV: 13    Int: 16    God:
Gold:   65         SH:  0    Dex: 14    Spells: 5/9 levels left

rFire    . . .     SeeInvis .   k - +0 short sword
rCold    . . .     Gourm    .   (no shield)
rNeg     . . .     Faith    .   a - +0 robe
rPois    +         Spirit   .   f - +0 hat
rElec    .         Reflect  .   (no cloak)
rCorr    .         Harm     .   (no gloves)
MR       .....     Clarity  +   (boots unavailable)
Stlth    ++........             (no amulet)
HPRegen  0.08/turn              (no ring)
MPRegen  0.11/turn              (no ring)

@: no status effects
A: beak, talons 3, clarity, poison resistance
a: no special abilities


You were on level 3 of the Dungeon.
You were not hungry.

You visited 1 branch of the dungeon, and saw 4 of its levels.

You collected 65 gold pieces.

Inventory:

Hand Weapons
 k - a +0 short sword (weapon)
Armour
 a - a +0 robe (worn)
 e - a +0 ring mail
 f - a +0 hat (worn)
 n - a cursed +0 robe
Scrolls
 d - 2 scrolls of identify {unknown}
 g - a scroll of random uselessness {unknown}
 i - a scroll of fog {unknown}
 j - 4 scrolls of teleportation {unknown}
 l - 2 scrolls of immolation {unknown}
 m - a scroll of enchant armour {unknown}
Potions
 h - a potion of mutation
Books
 b - a book of Air

   Spells                             Type                      Level
   a - Shock                          Conjuration/Air              1
   b - Swiftness                      Charms/Air                   2
   c - Static Discharge               Conjuration/Air              3
   d - Airstrike                      Air                          4
   e - Lightning Bolt                 Conjuration/Air              5
Comestibles
 c - 2 rations


   Skills:
 + Level 0.2 Fighting
 + Level 2.5 Dodging
 + Level 2.7 Stealth
 + Level 3.1 Spellcasting
 + Level 1.9 Conjurations
 + Level 5.1 Air Magic


You had 5 spell levels left.
You knew the following spells:

 Your Spells              Type           Power        Failure   Level  Hunger
a - Shock                 Conj/Air       ##..         4%          1    None
d - Static Discharge      Conj/Air       ##......     13%         3    ###....


Dungeon Overview and Level Annotations

Branches:
Dungeon (4/15)
 Temple: D:4-7

Altars:


Innate Abilities, Weirdness & Mutations

You have a beak for a mouth.
You have claws for feet.
You possess an exceptional clarity of mind.
Your system is resistant to poisons. (rPois)


Message History

Press: ? - help, Shift-Dir - straight line The zap hits the orc.
The orc is moderately wounded.
The zap hits the orc.
You kill the orc!
The zap hits the orc.
The orc is heavily wounded.
The orc hits you with a mace.
* * * LOW HITPOINT WARNING * * *
Unknown command.
Casting: Shock
Confirm with . or Enter, or press ? or * to list all spells.
Aiming: Shock
Press: ? - help, Shift-Dir - straight line The zap hits the orc.
The orc is severely wounded.
The zap hits the orc.
You kill the orc!
The orc hits you with a mace.
You die...

## ## ..# #. ..# #.
..### ####.###.....
.##....@....###.
.......o........
.######<....###
#.......# ####.##.#.#
#.....>.# # #o##.####
.##########.##.####.#
...[...>............#


You could see an orc.

Vanquished Creatures
  An orc wizard (D:4)
  A howler monkey skeleton (D:4)
  3 adders
  A dart slug (D:2)
  A leopard gecko (D:2)
  5 orcs
  3 bats
  A giant cockroach (D:2)
  2 goblins
  5 hobgoblins
  A ball python (D:1)
  3 frilled lizards
  2 kobolds
  8 rats
37 creatures vanquished.

Notes
Turn   | Place    | Note
-------+----------+-------------------------------------------
     0 | D:1      | letownia2 the Tengu Air Elementalist began the quest for the Orb.
     0 | D:1      | Reached XP level 1. HP: 10/10 MP: 4/4
    90 | D:1      | Reached XP level 2. HP: 11/15 MP: 0/6
   319 | D:2      | Reached XP level 3. HP: 19/19 MP: 5/7
   535 | D:3      | Found a faded altar of an unknown god.
   553 | D:3      | Learned a level 3 spell: Static Discharge
   570 | D:4      | Reached XP level 4. HP: 22/24 MP: 2/9
   596 | D:4      | Reached skill level 5 in Air Magic
   605 | D:4      | Gained mutation: You possess an exceptional clarity of mind. [potion of mutation]
   605 | D:4      | Gained mutation: Your system is resistant to poisons. (rPois) [potion of mutation]
   689 | D:3      | Slain by an orc

Skill      XL: |  1  2  3  4 |
---------------+-------------+-----
Spellcasting   | 3 |  3.1
Air Magic      | 5 |  5.1
Fighting       | |  0.2
Dodging        | |  2.5
Stealth        | |  2.7
Conjurations   | |  1.9

Action                   |  1- 3 |  4- 6 || total
-------------------------+-------+-------++-------
Melee: Unarmed           |     6 |       ||     6
       Kick              |     1 |     2 ||     3
       Short sword       |     1 |     6 ||     7
       Peck              |     1 |       ||     1
 Cast: Shock             |    43 |     8 ||    51
  Use: Potion            |       |     2 ||     2
Armor: Robe              |     8 |     1 ||     9
Dodge: Dodged            |    39 |     6 ||    45
